 Dungeon Crawl Stone Soup version 0.30-a0-728-gc68057be0a (webtiles) character file.

Game seed: 16623592890112565689

15 Majang the Cudgeller (level 2, -6/26 HPs)
             Began as a Meteoran Fighter on Jan 30, 2023.
             Mangled by a gnoll
             ... wielding a +0 club
              (7 damage)
             ... on level 1 of the Dungeon.
             The game lasted 00:02:09 (205 turns).

Majang the Cudgeller (Meteoran Fighter)              Turns: 205, Time: 00:02:09

Health: -6/26      AC:  6    Str: 17    XL:     2   Next: 88%
Magic:  3/3        EV:  9    Int:  9    God:
Gold:   13         SH:  5    Dex: 13    Spells: 1/1 levels left

rFire   . . .      SeeInvis .    a - +0 flail
rCold   . . .      Faith    .    c - +0 buckler
rNeg    . . .      Spirit   .    b - +0 scale mail
rPois   .          Reflect  .    (no helmet)
rElec   .          Harm     .    (no cloak)
rCorr   .          Rampage  .    (no gloves)
Will    .....                    (no boots) Stlth
                                 (no amulet)
HPRegen 0.24/turn                (no ring)
MPRegen 0.08/turn                (no ring)

@: mighty, glowing
A: sense surroundings 1, otherworldly, glowing, explore regen
a: no special abilities


You were on level 1 of the Dungeon.
You visited 1 branch of the dungeon, and saw 1 of its levels.

You collected 13 gold pieces.

Inventory:

Hand Weapons
 a - a +0 flail (weapon)
Armour
 b - a +0 scale mail (worn)
 c - a +0 buckler (worn)
Scrolls
 e - a scroll of butterflies {unknown}
 f - a scroll of teleportation {unknown}
Potions
 g - a potion of haste {unknown}


   Skills:
 + Level 3.6 Fighting
 * Level 3.7 Maces & Flails
 - Level 3.6 Armour
 - Level 3.6 Shields


You had one spell level left.
You didn't know any spells.
Your spell library was empty.

Dungeon Overview and Level Annotations

Branches:
Dungeon (1/15) Zot: 378

Altars:

Shops:
D:1 [**


Innate Abilities, Weirdness & Mutations

You passively map a small area around you.
You are easily found by Zot.
You glow in the dark.
You regain HP and MP as you explore.


Message History

You open the door.
There is an open door here.
You open the door.
There is an open door here.
There is an open door here.
g - a golden potion A gnoll comes into view.
It is wielding a +0 club.
The gnoll shouts!
A quokka comes into view.
A goblin comes into view. It is wielding a +0 club.
The quokka barely misses you.
You barely miss the quokka. The quokka bites you.
The quokka attacks as you move away! You block the quokka's attack.
The quokka attacks as you move away! The quokka closely misses you.
You hit the quokka.
You kill the quokka!
You hit the gnoll but do no damage. The gnoll hits you with a +0 club.
You hit the gnoll but do no damage. You block the gnoll's attack.
You closely miss the gnoll. The gnoll hits you with a +0 club!
You barely miss the gnoll. The gnoll hits you with a +0 club. x2
You closely miss the gnoll. The gnoll closely misses you.
You feel very mighty all of a sudden. The gnoll hits you with a +0 club.
* * * LOW HITPOINT WARNING * * *
You hit the gnoll.
The gnoll is heavily wounded.
You block the gnoll's attack.
You closely miss the gnoll.
The gnoll is heavily wounded.
You block the gnoll's attack.
You barely miss the gnoll.
The gnoll is heavily wounded.
The gnoll hits you with a +0 club.
* * * LOW HITPOINT WARNING * * *
You closely miss the gnoll.
The gnoll is heavily wounded.
The gnoll hits you with a +0 club.
* * * LOW HITPOINT WARNING * * *
The gnoll hits you with a +0 club!
You die...

.#,*,# * .#, * #.. , , )#
#.. . + ## * #.# , .. .#
* #.# .# ,, .# #.# ,..#
.# * #.# ...# ,
.#################.#....#
,
................@gg.....#
##################.##...#
, #... ... * ##### # *


You could see a gnoll and a goblin.

Vanquished Creatures
  2 dart slugs (D:1)
  2 giant cockroaches (D:1)
  A quokka (D:1)
  2 ball pythons (D:1)
  A bat (D:1)
  2 kobolds (D:1)
  2 rats (D:1)
12 creatures vanquished.

Notes
Turn   | Place    | Note
-------+----------+-------------------------------------------
     0 | D:1      | Majang the Meteoran Fighter began the quest for the Orb.
     0 | D:1      | Reached XP level 1. HP: 19/19 MP: 2/2
    46 | D:1      | Found Wuassoirgh's Assorted Antiques.
    53 | D:1      | Reached XP level 2. HP: 20/26 MP: 3/3
    80 | D:1      | Found Govangio's Antique Armour Shop.
    90 | D:1      | Found Rumule's Assorted Antiques.
   205 | D:1      | HP: 1/26 [gnoll/+0 club (5)]
   205 | D:1      | Mangled by a gnoll

Illustrated notes

Levels and vault maps discovered:
D:1:      mrwooster_arrival_arrow, layout_basic, serial_shops, shop, shop,
          shop_fountains, shop, shop, grunt_decor_arrowhead

Skill      XL: |  1 |
---------------+----+-----
Maces & Flails | 3 |  3.7
Fighting       | |  3.6
Armour         | |  3.6
Shields        | |  3.6

Action                     || total
---------------------------++-------
  Melee: Flail             ||    53
    Use: Potion            ||     1
 Armour: Scale mail        ||    21
  Dodge: Dodged            ||    18
  Block: Buckler           ||    15

Table legend: (Time is in decaauts)
 A = Elapsed time spent in this place.
 B = Non-inter-level travel time spent in this place.
 C = Inter-level travel time spent in this place.
 D = Time resting spent in this place.
 E = Time spent auto-exploring this place.
 F = Levels seen in this place.
 G = Mean time per level.
                   A        B        C        D        E       F      G
               +--------+--------+--------+--------+--------+-----+--------+
         Total |    219 |    219 |      0 |      0 |      6 |   1 |  219.0 |
       Dungeon |    219 |    219 |      0 |      0 |      6 |   1 |  219.0 |
               +--------+--------+--------+--------+--------+-----+--------+

Top non-repeatable levels by time:
     D:1: 219 daAuts
